 Dungeon Crawl Stone Soup version 0.20-a0-517-g5f97612 (webtiles) character file.

276 terra52 the Firebug (level 6, -4/53 HPs)
             Began as an Ogre Fire Elementalist on Jan 24, 2017.
             Was an Initiate of Ru.
             Slain by a big kobold (6 damage)
             ... on level 4 of the Dungeon.
             The game lasted 00:09:21 (3276 turns).

terra52 the Firebug (Ogre Fire Elementalist)        Turns: 3276, Time: 00:09:22

Health: -4/53      AC:  3    Str: 10 (13) XL:     6   Next: 25%
Magic:  0/12       EV: 15    Int: 16 (18) God:    Ru [......]
Gold:   149        SH:  0    Dex: 11 (14) Spells: 12/13 levels left

rFire    . . .     SeeInvis .   (no weapon)
rCold    . . .     Gourm    .   a - +0 robe
rNeg     . . .     Faith    .   (no shield)
rPois    .         Spirit   .   (helmet restricted)
rElec    .         Reflect  .   (no cloak)
rCorr    .         Harm     .   (gloves unavailable)
MR       .....                  (boots unavailable)
Stlth    +++.......             (no amulet)
Regen    0.2/turn               (no ring)
                                (no ring)

@: agile, exhausted, very slightly contaminated, hasted and slowed
A: unfitting armour, tough skin 1
a: Renounce Religion


You were on level 4 of the Dungeon.
You worshipped Ru.
Ru was noncommittal.
You were not hungry.

You visited 1 branch of the dungeon, and saw 4 of its levels.

You collected 149 gold pieces.

Inventory:

Armour
 a - a +0 robe (worn)
Wands
 p - a wand of digging (24/24)
Scrolls
 d - 2 scrolls of identify
 e - 3 scrolls of enchant weapon
 m - a scroll of recharging
Books
 b - a book of Flames

   Spells                             Type                      Level
   a - Flame Tongue                   Conjuration/Fire             1
   b - Throw Flame                    Conjuration/Fire             2
   c - Conjure Flame                  Conjuration/Fire             3
   d - Inner Flame                    Hexes/Fire                   3
   e - Sticky Flame                   Conjuration/Fire             4
   f - Fireball                       Conjuration/Fire             5
Comestibles
 c - 2 bread rations
 f - a meat ration
 k - a royal jelly
 l - 10 fruits
 t - 4 chunks of flesh


   Skills:
 + Level 0.4 Throwing
 + Level 2.0 Dodging
 * Level 1.8 Stealth
 + Level 0.3 Unarmed Combat
 * Level 4.0 Spellcasting
 * Level 2.5 Conjurations
 * Level 4.3 Fire Magic


You had 12 spell levels left.
You knew the following spells:

 Your Spells              Type           Power        Failure   Level  Hunger
a - Flame Tongue          Conj/Fire      ##...        4%          1    None


Dungeon Overview and Level Annotations

Branches:
Dungeon (4/15)
 Temple: D:4-7

Altars:
Cheibriados
Elyvilon
Nemelex Xobeh
Ru

Annotations:
D:2 Sigmund


Innate Abilities, Weirdness & Mutations

You are too large for most types of armour.
You have tough skin. (AC +1)


Message History

The kobold completely misses the plant.
The big kobold hits you.
* * * LOW HITPOINT WARNING * * *
You barely miss the big kobold.
The big kobold is severely wounded.
The kobold hits you.
* * * LOW HITPOINT WARNING * * *
The kobold hits the plant but does no damage.
The kobold hits the plant.
The big kobold hits you.
* * * LOW HITPOINT WARNING * * *
You hit the big kobold.
The big kobold is severely wounded.
The kobold hits you but does no damage.
The kobold hits the plant but does no damage.
The kobold hits the plant.
The big kobold misses you.
You hit the big kobold but do no damage.
The big kobold is severely wounded.
The kobold barely misses you.
The kobold hits the plant but does no damage.
The kobold hits the plant.
The big kobold hits you.
You die...

*,**,♣.?...P..♣.P♣♣# **********
*,*,,P.........P♣.P♣♣ ****,
***,,,,.............♣.♣**
**,***
*,,,,,,....†)........P♣,****,,*
*
,,,,,,,..†.§§.(......♣..*,,,,**
*,,,,,,K...§§.†.K.....P.,,*,**
,,,*,,,....†..KKKK.♣♣♣♣,,,,**
,,**,,,.......KKKP.P.♣,,,***
*******.♣?..♣?♣♣@PPP♣P.♣**
*,*,,,*,♣.P♣P♣,♣P♣♣♣♣*##
***,,,*..PPP.,,P##
****,♣.P.P.*##* ****###**


You could see a big kobold and 7 kobolds.

Vanquished Creatures
  Jessica (D:2)
  Natasha (twice) (D:2)
  A worker ant (D:4)
  5 adders
  3 gnolls (D:3)
  A worm (D:2)
  6 dart slugs
  3 leopard geckos
  6 orcs
  4 bats (D:2)
  2 giant cockroaches
  8 goblins
  6 hobgoblins
  2 jackals (D:2)
  17 kobolds
  5 quokkas
  4 frilled lizards
  6 rats
82 creatures vanquished.

Vanquished Creatures (others)
  A plant (D:4)
1 creature vanquished.

Grand Total: 83 creatures vanquished

Notes
Turn   | Place    | Note
-------+----------+-------------------------------------------
     0 | D:1      | terra52 the Ogre Fire Elementalist began the quest for the Orb.
     0 | D:1      | Reached XP level 1. HP: 16/16 MP: 3/3
   383 | D:1      | Reached skill level 1 in Conjurations
   383 | D:1      | Reached XP level 2. HP: 24/24 MP: 3/5
   779 | D:2      | Found a sparkling altar of Nemelex Xobeh.
   804 | D:2      | Reached XP level 3. HP: 28/31 MP: 0/6
  1074 | D:2      | Noticed Natasha
  1084 | D:2      | Killed Natasha
  1176 | D:2      | Noticed Natasha
  1182 | D:2      | Killed Natasha
  1182 | D:2      | Reached XP level 4. HP: 15/39 MP: 2/8
  1435 | D:2      | Noticed Jessica
  1441 | D:2      | Killed Jessica
  1441 | D:2      | Reached XP level 5. HP: 44/45 MP: 3/9
  1569 | D:2      | Found a snail-covered altar of Cheibriados.
  1787 | D:2      | Noticed Sigmund
  2182 | D:3      | HP: 2/45 [gnoll/club (10)]
  2187 | D:3      | HP: 2/45 [gnoll/club (4)]
  2694 | D:3      | Reached XP level 6. HP: 41/53 MP: 0/11
  2934 | D:3      | Found a sacrificial altar of Ru.
  2972 | D:3      | Became a worshipper of Ru the Awakened
  3055 | D:3      | Found a white marble altar of Elyvilon.
  3274 | D:4      | HP: 1/53 [big kobold (5)]
  3276 | D:4      | Slain by a big kobold

Vault maps used:
D:1:      denvon_arrival_waterhouse
D:2:      overflow_temple_1_default, nicolae_overflow_crystal_walls,
          serial_park_tiny_2, uniq_jessica, uniq_sigmund, uniq_natasha
D:3:      lemuel_doored_altar, elyvilon_altar_5, minmay_surrounded
D:4:      kennysheep_kobold_camp, kennysheep_little_box,
          nicolae_ossuary_entry_giza, first_bread, st_stairs_9,
          kb_xom_exploding_sheep

Skill      XL: |  1  2  3  4  5  6 |
---------------+-------------------+-----
Dodging        | 2 |  2.0
Conjurations   | 1 2 |  2.5
Fire Magic     | 3 4 |  4.3
Spellcasting   | 3 4 |  4.0
Throwing       | |  0.4
Stealth        | |  1.8
Unarmed Combat | |  0.3

Action                   |  1- 3 |  4- 6 || total
-------------------------+-------+-------++-------
Melee: Unarmed           |     1 |    24 ||    25
Throw: Javelin           |    10 |    15 ||    25
 Cast: Flame Tongue      |    29 |   117 ||   146
  Use: Potion            |       |     6 ||     6
       Scroll            |       |     6 ||     6
  Eat: Chunk             |     1 |     6 ||     7
Armor: Robe              |     2 |    23 ||    25
Dodge: Dodged            |     7 |    68 ||    75
